 Dungeon Crawl Stone Soup version 0.31-a0-848-gaac375c287 (webtiles) character file.

Game seed: 6955917344705528173

99 Xavier147 the Shooter (level 4, -3/26 HPs)
             Began as a Gargoyle Hunter on Oct 4, 2023.
             Slain by a killer bee (8 damage)
             ... on level 3 of the Dungeon.
             The game lasted 00:05:26 (2038 turns).

Xavier147 the Shooter (Gargoyle Hunter)             Turns: 2038, Time: 00:05:26

Health: -3/26      AC:  6    Str: 14    XL:     4   Next: 72%
Magic:  4/4        EV: 12    Int:  8    God:
Gold:   93         SH:  5    Dex: 19    Spells: 3/3 levels left

rFire   . . .        a - +1 shortbow
rCold   . . .        (shield currently unavailable)
rNeg    + . .        c - +0 leather armour
rPois   ∞            (no helmet)
rElec   +            (no cloak)
rCorr   .            (no gloves)
SInv    .            (no boots)
Will    +....        n - amulet of reflection
Stlth   ++           (no ring)
HPRegen 0.24/turn    (no ring)
MPRegen 0.09/turn

%: reflection
@: flying
A: sickness immunity, AC +3, negative energy resistance 1, electricity
resistance, torment resistance 1, petrification resistance, big wings, hooves 1,
agile 1, strong-willed 1
a: no special abilities


You were on level 3 of the Dungeon.
You visited 1 branch of the dungeon, and saw 4 of its levels.

You collected 93 gold pieces.

Inventory:

Hand Weapons
 a - a +1 shortbow (weapon)
 m - a +0 sling
Armour
 c - a +0 leather armour (worn)
 i - a +0 ring mail
Jewellery
 k - an amulet of faith
 n - an amulet of reflection (around neck)
 q - an amulet of magic regeneration
Scrolls
 b - a scroll of butterflies
 o - a scroll of summoning {unknown}
 r - a scroll of silence {unknown}
Potions
 d - 2 potions of magic
 e - a potion of cancellation {unknown}
 f - 2 potions of enlightenment {unknown}
 h - 2 potions of heal wounds {unknown}
 j - 2 potions of berserk rage
 l - a potion of attraction {unknown}
 s - a potion of curing {unknown}


   Skills:
 - Level 2.1 Fighting
 + Level 6.0 Ranged Weapons
 - Level 1.5 Dodging
 - Level 1.1 Stealth


You had 3 spell levels left.
You didn't know any spells.
Your spell library contained the following spells:

 Spells                   Type           Power      Damage    Failure   Level
 Tukima's Dance           Hex            0%         N/A       86%         3
 Passage of Golubria      Tloc           0%         N/A       99%         4
 Yara's Violent Unravell  Hex/Tmut       0%         3d3       100%        5


Dungeon Overview and Level Annotations

Branches:
Dungeon (4/15)
 Temple: D:4-7

Altars:

Annotations:
D:3 Natasha, Sigmund


Innate Abilities, Weirdness & Mutations

You are immune to sickness and miasma.
Your stone body is resilient. (AC +3)
You are immune to poison.
You resist negative energy. (rN+)
You are resistant to electric shocks. (rElec)
You are resistant to unholy torment.
You are immune to petrification.
Your large and strong wings let you fly.
You have large cloven feet.
You are agile. (Dex +4, Str/Int -1)
You are strong-willed. (Will+)


Message History

You block the killer bee's attack. x2; The killer bee closely misses you.
You shoot an arrow.
The arrow completely misses the killer bee.
The killer bee stings you.
The killer bee stings you but does no damage.
The killer bee closely misses you. The killer bee misses you.
The killer bee closely misses you. x2; The killer bee barely misses you.
You shoot an arrow. The arrow barely misses the killer bee.
You block the killer bee's attack. The killer bee stings you.
The killer bee misses you.
The killer bee stings you but does no damage.
The killer bee barely misses you. The killer bee stings you.
You are too injured to fight recklessly!
You are too injured to fight recklessly!
The killer bee misses you. x2; The killer bee barely misses you. x2
The killer bee misses you. The killer bee barely misses you.
You climb upwards.
Level annotation: Natasha, Sigmund
There is a stone staircase leading down here.
You are too injured to fight recklessly!
There is a stone staircase leading down here.
There is a stone staircase leading down here.
You shoot an arrow. The arrow hits the killer bee.
The killer bee is lightly wounded.
The killer bee barely misses you. The killer bee stings you.
You block the killer bee's attack. The killer bee stings you!
* * * LOW HITPOINT WARNING * * *
There is a stone staircase leading down here.
There is a stone staircase leading down here.
You feel extremely strange.
Your feet thicken and deform.
You feel strong-willed.
You feel agile.
Your wings grow larger and stronger.
The killer bee barely misses you. You block the killer bee's attack.
The killer bee stings you but does no damage.
The killer bee closely misses you.
You shoot an arrow. The arrow hits the killer bee.
The killer bee is moderately wounded.
The killer bee barely misses you. The killer bee closely misses you.
The killer bee completely misses you. The killer bee stings you!
You die...

#.##.###.#...#######.....##......
...#.......#...# #.....##.>....
......##.#...#.#####.............
......................#......<...
......##.##.##.#####.....##...÷..
......##.##.##.# #.#...........
†.....##.##.##.# #.###########.
......##....##.#####.# #.
.....#.........y@yy..# ##
......########.####### ......#
#.# ......########.#
#####..........# ############


You could see 3 killer bees.

Vanquished Creatures
  Natasha (D:3)
  An adder (D:2)
  A worm (D:3)
  3 dart slugs
  6 ball pythons
  3 bats
  2 endoplasms
  3 giant cockroaches
  6 hobgoblins
  2 jackals (D:3)
  6 quokkas
  3 frilled lizards
  7 goblins
  2 kobolds
  5 rats
51 creatures vanquished.

Notes
Turn   | Place    | Note
-------+----------+-------------------------------------------
     0 | D:1      | Xavier147 the Gargoyle Hunter began the quest for the Orb.
     0 | D:1      | Reached XP level 1. HP: 12/12 MP: 1/1
    87 | D:1      | Reached XP level 2. HP: 17/17 MP: 2/2
   446 | D:1      | Reached XP level 3. HP: 21/21 MP: 3/3
   619 | D:2      | Reached skill level 5 in Ranged Weapons
  1352 | D:3      | Noticed Sigmund
  1515 | D:3      | Reached XP level 4. HP: 26/26 MP: 4/4
  1550 | D:3      | Noticed Natasha
  1552 | D:3      | Killed Natasha
  1780 | D:3      | Noticed Natasha
  2030 | D:4      | Reached skill level 6 in Ranged Weapons
  2037 | D:3      | Gained mutation: You have large cloven feet. [potion of
                  | mutation]
  2037 | D:3      | Gained mutation: You are strong-willed. (Will+) [potion of
                  | mutation]
  2037 | D:3      | Gained mutation: You are agile. (Dex +4, Str/Int -1)
                  | [potion of mutation]
  2037 | D:3      | Gained mutation: Your large and strong wings let you fly.
                  | [potion of mutation]
  2038 | D:3      | Slain by a killer bee

Illustrated notes

Levels and vault maps discovered:
D:1:      lemuel_arrival_rhombus, layout_basic
D:2:      layout_loops_ring, minmay_misc_feat_chi
D:3:      layout_loops_ring, uniq_sigmund, uniq_natasha
D:4:      minmay_door_path, layout_cave_pools, xom_teletrap_fun, uniq_eustachio,
          uniq_duvessa

Skill      XL: |  1  2  3  4 |
---------------+-------------+-----
Ranged Weapons | 5 6 |  6.0
Fighting       | |  2.1
Dodging        | |  1.5
Stealth        | |  1.1

Action                     |  1- 3 |  4- 6 || total
---------------------------+-------+-------++-------
   Fire: Shortbow          |   119 |    39 ||   158
    Use: Scroll            |     7 |     2 ||     9
         Potion            |       |     1 ||     1
 Armour: Leather armour    |    31 |    14 ||    45
  Dodge: Dodged            |    21 |    23 ||    44
  Block: Other             |     3 |     7 ||    10

Table legend: (Time is in decaauts)
 A = Elapsed time spent in this place.
 B = Non-inter-level travel time spent in this place.
 C = Inter-level travel time spent in this place.
 D = Time resting spent in this place.
 E = Time spent auto-exploring this place.
 F = Levels seen in this place.
 G = Mean time per level.
                   A        B        C        D        E       F      G
               +--------+--------+--------+--------+--------+-----+--------+
         Total |   2068 |   1913 |    155 |    125 |   1351 |   4 |  517.0 |
       Dungeon |   2068 |   1913 |    155 |    125 |   1351 |   4 |  517.0 |
               +--------+--------+--------+--------+--------+-----+--------+

Top non-repeatable levels by time:
     D:2: 881 daAuts
     D:1: 627 daAuts
     D:3: 552 daAuts
     D:4: 7 daAuts
